AoeStats
← [KMNB] Bandeira

Highland

505840171Analyzed
2v2 RM · 22d ago on Sep 11, 2026· 16m 42s· 4 players
Game mode
Random Map
Map size
Medium (4 player)
Population
200
Speed
Normal
Resources
Standard
Victory
Conquest
Starting age
Dark Age
Ending age
Imperial Age
RankedLock teamsTeams togetherTeam positionsShared explorationLock speedFull tech treeHidden civsTurbo modeCheats
Victory
Defeat
🇬🇧 Koreans · United Kingdom
1585
+15
🇲🇼 Bengalis · Malawi
1476
+19
🇧🇷 Hindustanis · Brazil
1549
-17
🇧🇷 Saracens · Brazil
1547
-17
Tommerd
1:40 Loom
11:08 Feudal Age
14:55 Castle Age
14:45 Fishing Lines
Reilled
8:45 Loom
10:56 Feudal Age
16:04 Castle Age
13:54 Fishing Lines
14:31 Town Watch
17:19 Medium Warships
[KMNB] Bandeira
6:15 Loom
8:56 Feudal Age
9:30 Double-Bit Axe
14:02 Forging
[KMNB] Dedão
6:53 Loom
9:42 Feudal Age
10:19 Double-Bit Axe
13:15 Fletching
Connection lost

Rejoining the realm…

Still unreachable

The connection could not be restored.

Session expired

The server has moved on; the page needs a fresh start.